 Dungeon Crawl Stone Soup version 0.24-a0-640-ge7cd8ce796 (webtiles) character file.

Game seed: 11388717510740880077, levelgen mode: deterministic

21 zhudz the Shooter (level 2, -9/25 HPs)
             Began as a Centaur Arcane Marksman on Sept 24, 2019.
             Killed from afar by an adder (22 damage)
             ... with an exploding inner flame
             ... hexed by the player character
             ... on level 2 of the Dungeon.
             The game lasted 00:26:46 (737 turns).

zhudz the Shooter (Centaur Arcane Marksman)          Turns: 737, Time: 00:26:47

Health: -9/25      AC:  4    Str: 12    XL:     2   Next: 62%
Magic:  3/3        EV:  9    Int: 12    God:
Gold:   0          SH:  0    Dex:  9    Spells: 2/3 levels left

rFire    . . .     SeeInvis .   a - +0 shortbow
rCold    . . .     Gourm    .   (shield currently unavailable)
rNeg     . . .     Faith    .   e - +0 robe
rPois    .         Spirit   .   (no helmet)
rElec    .         Reflect  .   (no cloak)
rCorr    .         Harm     .   (no gloves)
MR       .....                  (no barding)
Stlth    +.........             (no amulet)
HPRegen  0.08/turn              (no ring)
MPRegen  0.08/turn              (no ring)

@: lethally poisoned (-9 -> -22), very quick
A: large, hooves 3, blurry vision 1, deformed body, speed 2, mutation resistance
1, tough skin 3
a: no special abilities


You were on level 2 of the Dungeon.
You were not hungry.

You visited 1 branch of the dungeon, and saw 3 of its levels.

Inventory:

Hand Weapons
 a - a +0 shortbow (weapon)
 h - a +0 dagger
Missiles
 d - 19 arrows (quivered)
 g - 26 stones
Armour
 e - a +0 robe (worn)
Scrolls
 b - a scroll of identify
 i - 2 scrolls of remove curse
Potions
 l - a potion of berserk rage {unknown}
Comestibles
 f - 3 rations


   Skills:
 * Level 2.5 Fighting
 - Level 3.0 Bows
 - Level 1.3 Dodging
 - Level 1.0 Spellcasting
 - Level 2.6 Hexes


You had 2 spell levels left.
You knew the following spells:

 Your Spells              Type           Power        Failure   Level  Hunger
a - Corona                Hex            #......      10%         1    ##.....

Your spell library contained the following spells:

 Spells                   Type           Power        Failure   Level  Hunger
 Slow                     Hex            #.......     16%         2    ###....
 Inner Flame              Hex/Fire       #.......     45%         3    ####...
 Portal Projectile        Hex/Tloc       #.....       45%         3    ####...
 Cause Fear               Hex            #.........   69%         4    #####..
 Leda's Liquefaction      Hex/Erth       #.........   86%         4    #####..


Dungeon Overview and Level Annotations

Branches:
Dungeon (3/15)

Altars:


Innate Abilities, Weirdness & Mutations

You have hooves in place of feet.
Armour fits poorly on your strangely shaped body.
You cover ground very quickly.
You have extremely tough skin. (AC +3)
Scrolls take you a little longer to read.
You are somewhat resistant to further mutation.


Message History

The adder barely misses you. x2
Firing (i - inventory. (/) - cycle)
d - 20 arrows (quivered)
Press: ? - help, Shift-Dir - straight line, f/p - kobold
Aim: a kobold (unusually agile)
You shoot an arrow. The arrow closely misses the adder.
The arrow closely misses the jackal.
The arrow hits the adder.
The adder is moderately wounded.
The adder bites you. x2
You are poisoned.
The adder poisons you! The adder bites you.
You are more poisoned.
The adder poisons you! The adder bites you.
Firing (i - inventory. (/) - cycle)
d - 19 arrows (quivered)
Press: ? - help, Shift-Dir - straight line, f/p - kobold
Aim: a kobold (unusually agile)
You shoot an arrow. The arrow hits the adder!
The adder explodes!
The fiery explosion engulfs you!!
Ouch! That really hurt!
You die...

......K...S.#####
##.###K###.#...##
#K# #......# #S#
#.S....# #r#
##S....# #S#
##...## #h# ##.##
###ยง# #.#######
#.@.# #.#......
#S### ####SS..# #l
#....>..##### .##S
#.##......g.. .##.
#.#.###.#####
.##.# #..## ##.##
### ####..#.# #.##
##.###
..#######.#.#(#.##
##.# #....
#................#
#..## #..##


You could see 3 adders, a quokka (inner flame), a jackal (inner flame), a ball
python (inner flame), 2 kobolds and a frilled lizard (inner flame).

Vanquished Creatures
  2 goblins
  4 hobgoblins
  3 jackals
  A kobold (D:1)
  A quokka (D:2)
  A ball python (D:1)
  2 bats (D:2)
  A frilled lizard (D:2)
  4 rats
19 creatures vanquished.

Notes
Turn   | Place    | Note
-------+----------+-------------------------------------------
     0 | D:1      | zhudz the Centaur Arcane Marksman began the quest for the
                  | Orb.
     0 | D:1      | Reached XP level 1. HP: 16/16 MP: 2/2
   106 | D:1      | Reached skill level 3 in Bows
   153 | D:1      | Reached XP level 2. HP: 24/24 MP: 3/3
   170 | D:1      | You fall into a shaft and drop 1 floor!
   732 | D:2      | Gained mutation: You are somewhat resistant to further
                  | mutation. [potion of mutation]
   732 | D:2      | Gained mutation: Scrolls take you a little longer to read.
                  | [potion of mutation]
   737 | D:2      | Killed from afar by an adder

Levels and vault maps discovered:
D:1:      dpeg_arrival_leaves_temple_mockup, layout_rooms, st_stairs_12,
          hangedman_decor_points
D:2:      layout_loops_ring, nemelex_xobeh_ov_fountains_minmay, st_stairs_4
D:3:      layout_rooms, gammafunk_ghost_smash, minmay_crystal_water, uniq_ijyb

Skill      XL: |  1  2 |
---------------+-------+-----
Bows           | 3 |  3.0
Fighting       | 2 |  2.5
Dodging        | |  1.3
Spellcasting   | |  1.0
Hexes          | |  2.6

Action                   || total
-------------------------++-------
Melee: Unarmed           ||    39
       Kick              ||     7
 Fire: Shortbow          ||    26
Throw: Stone             ||    13
  Use: Scroll            ||     2
       Potion            ||     2
Armor: Robe              ||    35
Dodge: Dodged            ||    32

Table legend:
 A = Non-vault XP
 B = Vault XP
 C = Vault XP percentage of total XP
 D = Non-vault monster count
 E = Vault monster count
 F = Vault count percentage of total count
                 A         B        C        D         E       F
            +---------+---------+-------+---------+---------+-------
      Total |      29 |       1 |   3.3 |      18 |       1 |   5.3
            +---------+---------+-------+---------+---------+-------
        D:1 |      12 |       0 |   0.0 |       7 |       0 |   0.0
        D:2 |      12 |       1 |   7.7 |       8 |       1 |  11.1
        D:3 |       5 |       0 |   0.0 |       3 |       0 |   0.0
            +---------+---------+-------+---------+---------+-------
